AoeStats
← STRATCOM

Glade

510401055Analyzed
1v1 RM · 3d ago on Sep 30, 2026· 39m 43s· 2 players
Game mode
Random Map
Map size
Tiny (2 player)
Population
200
Speed
Normal
Resources
Standard
Victory
Conquest
Starting age
Dark Age
Ending age
Imperial Age
RankedLock teamsTeams togetherTeam positionsShared explorationLock speedFull tech treeHidden civsTurbo modeCheats
Victory
Defeat
🇫🇷 Franks · France
419
+10
🇫🇷 Turks · France
289
-10
R-mat
13:15 Feudal Age
13:43 Double-Bit Axe
15:11 Wheelbarrow
14:29 Arson
15:02 Gold Mining
20:54 Scale Barding Armor
20:49 Scale Mail Armor
21:00 Forging
24:08 Castle Age
22:01 Loom
22:06 Town Watch
25:32 Gold Shaft Mining
24:49 Stone Mining
25:11 Bow Saw
26:36 Chain Barding Armor
27:08 Husbandry
29:08 Hand Cart
29:45 Chain Mail Armor
33:14 Iron Casting
39:08 Imperial Age
36:55 Town Patrol
39:24 Ordonnance Companies
STRATCOM
1:10 Loom
11:37 Feudal Age
12:45 Horse Collar
13:15 Town Watch
14:06 Wheelbarrow
14:35 Double-Bit Axe
18:30 Gold Mining
18:31 Stone Mining
24:12 Castle Age
22:39 Bloodlines
22:44 Forging
22:40 Scale Barding Armor
25:11 Bow Saw
25:04 Heavy Plow
25:18 Husbandry
25:58 Hand Cart
27:09 Town Patrol
31:29 Chain Barding Armor
31:45 Iron Casting
Connection lost

Rejoining the realm…

Still unreachable

The connection could not be restored.

Session expired

The server has moved on; the page needs a fresh start.